 Dungeon Crawl Stone Soup version 0.27-a0-660-g90476cec82 (webtiles) character file.

Game seed: 8714786842229018651

343 theanonym the Cudgeller (level 6, -1/48 HPs)
             Began as a Mummy Delver on Mar 17, 2021.
             Was an Initiate of Okawaru.
             Slain by a gnoll
             ... wielding a +0 spear
              (10 damage)
             ... on level 4 of the Dungeon.
             The game lasted 00:05:29 (5793 turns).

theanonym the Cudgeller (Mummy Delver)              Turns: 5793, Time: 00:05:29

Health: -1/48      AC:  4    Str: 17    XL:     6   Next: 31%
Magic:  6/6        EV: 11    Int: 15    God:    Okawaru [......]
Gold:   157        SH:  0    Dex: 14    Spells: 5/5 levels left

rFire    x . .     SeeInvis .   a - +0 mace
rCold    + . .     Faith    .   (no shield)
rNeg     + + +     Spirit   .   b - +0 leather armour
rPois    ∞         Reflect  .   j - +0 helmet
rElec    .         Harm     .   (no cloak)
rCorr    .         Rampage  .   (no gloves)
Will     .....                  (no boots)
Stlth    ++........             (no amulet)
HPRegen  0.16/turn              k - +6 ring of intelligence
MPRegen  0.10/turn              (no ring)

@: no status effects
A: cold resistance 1, negative energy resistance 3, torment resistance 2,
unbreathing 1, heat vulnerability 1, no potions
a: Renounce Religion


Innate Abilities, Weirdness & Mutations

You are immune to poison.
Your flesh is cold resistant. (rC+)
You are immune to negative energy. (rN+++)
You are immune to unholy pain and torment.
You can survive without breathing.
You are vulnerable to heat. (rF-)
You do not drink.


   Skills:
 + Level 4.2 Fighting
 * Level 5.0 Maces & Flails
 - Level 1.5 Dodging
 - Level 4.1 Stealth


You had 5 spell levels left.
You didn't know any spells.
Your spell library contained the following spells:

 Spells                   Type           Power      Damage    Failure   Level
 Poisonous Vapours        Pois/Air       0%         N/A       45%         2
 Conjure Flame            Conj/Fire      0%         6-21      69%         3
 Mephitic Cloud           Conj/Pois/Air  0%         N/A       69%         3
 Freezing Cloud           Conj/Ice/Air   0%         6-21      100%        6

Skill      XL: |  1  2  3  4  5  6 |
---------------+-------------------+-----
Maces & Flails | 2 3 4 5 |  5.0
Fighting       | 4 |  4.2
Dodging        | |  1.5
Stealth        | |  4.1

Action                   |  1- 3 |  4- 6 || total
-------------------------+-------+-------++-------
Melee: Mace              |    70 |   247 ||   317
  Use: Scroll            |       |     1 ||     1
 Stab: Sleeping          |     2 |    14 ||    16
Armor: Leather armour    |    17 |    82 ||    99
Dodge: Dodged            |    42 |   191 ||   233

Inventory:

Hand Weapons
 a - a +0 mace (weapon)
Missiles
 m - a throwing net (quivered)
Armour
 b - a +0 leather armour (worn)
 j - a +0 helmet (worn)
Jewellery
 k - a +6 ring of intelligence (right hand)
Wands
 c - a wand of digging (3)
 n - a wand of random effects (8)
Scrolls
 d - 2 scrolls of noise {unknown}
 f - a scroll of fog
 g - a scroll of immolation {unknown}
 h - 2 scrolls of enchant armour {unknown}
 i - 3 scrolls of identify {unknown}
 l - a scroll of teleportation {unknown}
 y - 2 scrolls of magic mapping


You were on level 4 of the Dungeon.
You worshipped Okawaru.
Okawaru was noncommittal.
You visited 1 branch of the dungeon, and saw 5 of its levels.

You collected 157 gold pieces.

Dungeon Overview and Level Annotations

Branches:
Dungeon (5/15)
 Temple: D:4-7

Altars:
Elyvilon
Nemelex Xobeh
Okawaru
Ru
Wu Jian

..######..........
.### ##
#...........#
......
#.....##...g##.
...... #....##
#...... .r...#
#....# ......
.....# ##...##
...... ......
#....# ###....#
......
##....###g....#
...... #.....†@g.#
...... .......####
.....# .......
#... ##..... ##
##.... ##..# #.#
#.


You could see 2 gnolls.

Notes
Turn   | Place    | Note
-------+----------+-------------------------------------------
     0 | D:5      | theanonym the Mummy Delver began the quest for the Orb.
     0 | D:5      | Reached XP level 1. HP: 18/18 MP: 1/1
    48 | D:5      | Noticed a hound
   109 | D:4      | HP: 9/18 [adder (1)]
   116 | D:4      | Reached skill level 2 in Maces & Flails
   116 | D:4      | Reached XP level 2. HP: 10/24 MP: 2/2
   312 | D:3      | HP: 10/24 [adder (3)]
   317 | D:3      | HP: 6/24 [adder (2)]
   677 | D:3      | Reached skill level 3 in Maces & Flails
   677 | D:3      | Reached XP level 3. HP: 18/29 MP: 3/3
  1314 | D:2      | Reached XP level 4. HP: 30/35 MP: 4/4
  1965 | D:2      | Found a sacrificial altar of Ru.
  2595 | D:1      | HP: 17/35 [leopard gecko (3)]
  2600 | D:1      | HP: 5/35 [leopard gecko (4)]
  3257 | D:1      | HP: 16/35 [jackal (3)]
  3260 | D:1      | Reached skill level 4 in Maces & Flails
  3519 | D:1      | Reached XP level 5. HP: 41/41 MP: 5/5
  3879 | D:3      | Found a faded altar of an unknown god.
  4025 | D:3      | HP: 20/41 [goblin/stone (3)]
  4290 | D:3      | HP: 16/41 [worm (7)]
  4295 | D:3      | HP: 11/41 [worm (2)]
  4619 | D:3      | Found an ornate altar of the Wu Jian Council.
  4623 | D:3      | Found a sparkling altar of Nemelex Xobeh.
  4895 | D:3      | Found an iron altar of Okawaru.
  4934 | D:3      | Noticed Ijyb
  4939 | D:3      | Became a worshipper of Warmaster Okawaru
  4954 | D:3      | HP: 21/42 [kobold/+0 short sword (4)]
  4955 | D:3      | Killed Ijyb
  4956 | D:3      | Reached skill level 4 in Fighting
  5326 | D:4      | HP: 21/42 [leopard gecko (1)]
  5328 | D:4      | Reached XP level 6. HP: 23/48 MP: 6/6
  5338 | D:4      | HP: 12/48 [gnoll/+0 spear (9)]
  5345 | D:4      | HP: 4/48 [gnoll/+0 spear (4)]
  5345 | D:4      | HP: 1/48 [worker ant (3)]
  5756 | D:4      | Reached skill level 5 in Maces & Flails
  5789 | D:4      | HP: 20/48 [gnoll/+0 spear (6)]
  5792 | D:4      | HP: 9/48 [gnoll/+0 spear (10)]
  5793 | D:4      | Slain by a gnoll

Vanquished Creatures
  A bullfrog (D:3)
  2 hounds (D:4)
  A jelly (D:2)
  Ijyb (D:3)
  A worker ant (D:3)
  4 adders
  An ooze (D:1)
  A worm (D:3)
  4 dart slugs
  2 leopard geckos
  3 orcs (D:3)
  A ball python (D:3)
  10 bats
  5 giant cockroaches
  9 goblins
  11 hobgoblins
  6 jackals
  2 quokkas
  2 frilled lizards
  9 kobolds
  11 rats
87 creatures vanquished.

Table legend: (Time is in decaauts)
 A = Elapsed time spent in this place.
 B = Non-inter-level travel time spent in this place.
 C = Inter-level travel time spent in this place.
 D = Time resting spent in this place.
 E = Time spent auto-exploring this place.
 F = Levels seen in this place.
 G = Mean time per level.
                   A        B        C        D        E       F      G
               +--------+--------+--------+--------+--------+-----+--------+
         Total |   5876 |   5730 |    146 |   2585 |   2288 |   5 | 1175.2 |
       Dungeon |   5876 |   5730 |    146 |   2585 |   2288 |   5 | 1175.2 |
               +--------+--------+--------+--------+--------+-----+--------+

Top non-repeatable levels by time:
     D:3: 2304 daAuts
     D:2: 1664 daAuts
     D:1: 1439 daAuts
     D:4: 403 daAuts
     D:5: 64 daAuts
